 Dungeon Sprint DCSS version 0.21-a0-274-gc1afaeb (webtiles) character file.

0 potatolord6000 the Chopper (level 1, 0/20 HPs)
             Began as a Hill Orc Monk on Sept 18, 2017.
             Slain by a phantom (4 damage)
             ... in the Dungeon (Sprint VI: "Thunderdome").
             The game lasted 00:00:32 (44 turns).

potatolord6000 the Chopper (Hill Orc Monk)            Turns: 44, Time: 00:00:33

Health: 0/20       AC:  2    Str: 13    XL:     1   Next: 50%
Magic:  1/1        EV: 13    Int: 10    God:
Gold:   200        SH:  0    Dex: 13    Spells: 0/0 levels left

rFire    . . .     SeeInvis .   a - +0 hand axe
rCold    . . .     Gourm    .   (no shield)
rNeg     . . .     Faith    .   b - +0 robe
rPois    .         Spirit   .   (no helmet)
rElec    .         Reflect  .   (no cloak)
rCorr    .         Harm     .   (no gloves)
MR       .....     NoTele   +   (no boots)
Stlth    ++........             (no amulet)
HPRegen  0.06/turn              (no ring)
MPRegen  0.07/turn              (no ring)

@: berserk cooldown, hasted and slowed
A: no striking features
a: no special abilities


You were in the Dungeon.
You were not hungry.

You visited 1 branch You collected 200 gold pieces.

Inventory:

Hand Weapons
 a - a +0 hand axe (weapon)
Armour
 b - a +0 robe (worn)
Scrolls
 i - 4 scrolls of blinking
 j - 3 scrolls of fog
Potions
 d - a potion of curing
 e - 4 potions of heal wounds
 f - 3 potions of haste
 g - 2 potions of magic
 k - a potion of resistance
Comestibles
 c - a bread ration


   Skills:
 + Level 4.2 Fighting
 + Level 4.5 Axes
 + Level 1.6 Armour
 - Level 2.4 Dodging
 - Level 1.5 Stealth


You couldn't memorise any spells.
You didn't know any spells.

Dungeon Overview and Level Annotations

Branches:
Dungeon (1/1)

Altars:
Cheibriados
Dithmenos
Fedhas
Gozag
Kikubaaqudgha
Makhleb
Okawaru
Qazlal
Ru
Trog
Uskayaw
Vehumet
Xom
Yredelemnul
Zin
The Shining One
Beogh
Lugonu

Shops:
D *[%???:(!!!!


Message History

You feel a strong urge to attack something.
Unknown command.
You feel your anger subside.
You are no longer berserk.
You are exhausted.
You feel yourself slow down. The phantom hits you.
The phantom blinks!
Found a bloodstained altar of Trog.
You hit the phantom.
The phantom is moderately damaged.
The phantom completely misses you. The phantom hits you!
Ouch! That really hurt!
* * * LOW HITPOINT WARNING * * *
Unknown command.
You hit the phantom.
The phantom is heavily damaged.
The phantom closely misses you.
Unknown command.
You slash the phantom!
The phantom is severely damaged.
The phantom hits you.
You die...

######.8.........8.##
##∩___......###......_
###∩........8.# #.8.....
#.............###.......
⌠..........###...###....
⌠..........# #.<.# #....
⌠..........###...###....
#.......W.....###.......
###∩...@....8.# #.8.....
##∩___......# #......_
######.8.........8.##
#⌠...........⌠#
###.........###
_......._# ......._# ..


You could see a phantom.

Vanquished Creatures
  An adder skeleton (D)
1 creature vanquished.

Notes
Turn   | Place    | Note
-------+----------+-------------------------------------------
     0 | D        | potatolord6000 the Hill Orc Monk began the quest for the Orb.
     0 | D        | Reached XP level 1. HP: 19/19 MP: 1/1
     2 | D        | Found a sacrificial altar of Ru.
     2 | D        | Found a stormy altar of Qazlal.
     3 | D        | Found a blossoming altar of Fedhas.
     3 | D        | Found an opulent altar of Gozag.
     4 | D        | Found a basalt altar of Yredelemnul.
     5 | D        | Found Yry Fomp's Do-It-Yourself Clinic.
     5 | D        | Found a glowing silver altar of Zin.
     5 | D        | Found Palyfit's Distillery.
     5 | D        | Round 1.
     6 | D        | Found Gyhexai's Bottled Wisdom.
     6 | D        | Found Gaseqes's Distillery.
     9 | D        | Found a shadowy altar of Dithmenos.
    10 | D        | Found a glowing golden altar of the Shining One.
    11 | D        | Found a burning altar of Makhleb.
    13 | D        | Found Teshrud's Staff Store.
    14 | D        | Found Ruconag's Must-Have Magic.
    14 | D        | Found Fithamni's Magic Scroll Shop.
    15 | D        | Found an iron altar of Okawaru.
    15 | D        | Found a radiant altar of Vehumet.
    15 | D        | Found Xegylo's Magic Scroll Shop.
    20 | D        | Found a corrupted altar of Lugonu.
    22 | D        | Found a snail-covered altar of Cheibriados.
    23 | D        | Found a hide-covered altar of Uskayaw.
    24 | D        | Noticed a phantom
    24 | D        | Found Fenif's Bee Food.
    26 | D        | Found Cukk's Jewellery.
    26 | D        | Found Kiuroff's Advanced Armour.
    31 | D        | Reached skill level 1 in Armour
    32 | D        | Found a roughly hewn altar of Beogh.
    32 | D        | Found a shimmering altar of Xom.
    32 | D        | Found an ancient bone altar of Kikubaaqudgha.
    32 | D        | Found Duzaujugh's Identification Station.
    39 | D        | Found a bloodstained altar of Trog.
    44 | D        | Slain by a phantom

Vault maps used:
D:        arena_sprint

Skill      XL: |  1 |
---------------+----+-----
Fighting       | 4 |  4.2
Armour         | 1 |  1.6
Axes           | |  4.5
Dodging        | |  2.4
Stealth        | |  1.5

Action                   || total
-------------------------++-------
Melee: Hand axe          ||     9
  Use: Potion            ||     2
Dodge: Dodged            ||     4

Table legend:
 A = Spawn XP
 B = Non-spawn XP
 C = Spawn XP percentage of total XP
 D = Spawn monster count
 E = Non-spawn monster count
 F = Spawn count percentage of total count
 G = Total turns spent on level
                    A         B        C        D         E        F      G
               +---------+---------+-------+---------+---------+-------+---------
         Total |       0 |       5 |   0.0 |       0 |       1 |   0.0 |    44
               +---------+---------+-------+---------+---------+-------+---------
             D |       0 |       5 |   0.0 |       0 |       1 |   0.0 |    44
               +---------+---------+-------+---------+---------+-------+---------
